 Dungeon Crawl Stone Soup version 0.13-a0-2001-g039544c (webtiles) character file.

226 M4edhros the Poker (level 5, -5/40 HPs)
             Began as a Mummy Gladiator on June 25, 2013.
             Slain by an ogre
             ... wielding a +0,+0 giant spiked club
              (20 damage)
             ... on Level 1 of the Dungeon.
             The game lasted 00:04:17 (7591 turns).

M4edhros the Poker (Mummy Gladiator)                Turns: 7591, Time: 00:04:17

HP  -5/40        AC  6     Str 18      XL: 5   Next:  7%
MP   4/4         EV 10     Int  8      God:
Gold 80          SH  0     Dex 12      Spells:  0 memorised,  4 levels left

Res.Fire  : x . .   See Invis. : .   a - +0,+1 trident
Res.Cold  : + . .   Warding    : .   i - -1 orc ring mail (curse)
Life Prot.: + + +   Conserve   : .   (no shield)
Res.Poison: +       Res.Corr.  : .   c - +0 helmet
Res.Elec. : .       Clarity    : .   h - +0 cloak
Sust.Abil.: . .     Spirit.Shd : .   (no gloves)
Res.Mut.  : .       Stasis     : .   (no boots)
Res.Rott. : +       Flight     : .   (no amulet)
Saprovore : . . .                    (no ring)
                                     (no ring)

@: slightly resistant to hostile enchantments, extremely unstealthy
A: no food or potions, fire vulnerability, restore body, cold resistance 1, life
protection 3, poison resistance, torment resistance, unbreathing
a: no special abilities


You were on level 1 of the Dungeon.
You were not hungry.

You visited 1 branch of the dungeon, and saw 2 of its levels.

You collected 60 gold pieces.

Inventory:

Hand weapons
 a - a +0,+1 trident (weapon)
Missiles
 d - 3 throwing nets (quivered)
Armour
 b - a +0 leather armour
 c - a +0 helmet (worn)
 h - a +0 cloak (worn)
 i - a cursed -1 orcish ring mail (worn)
Scrolls
 e - a scroll of fog {unknown}
 f - a scroll of magic mapping
 g - a scroll of teleportation


   Skills:
 - Level 2.0 Fighting
 * Level 4.8 Polearms
 - Level 1.5 Throwing
 - Level 2.4 Dodging


You had 4 spell levels left.
You didn't know any spells.

Dungeon Overview and Level Annotations

Branches:
Dungeon (2/27)

Altars:


Innate Abilities, Weirdness & Mutations

You do not eat or drink.
Your flesh is vulnerable to fire.
Your flesh is cold resistant.
You are immune to negative energy.
Your system is resistant to poisons.
You are immune to unholy pain and torment.
You can survive without breathing.


Message History

An ogre is nearby!
Attack whom?
Press: ? - help, Dir - move target cursor, f - ogre
Aim: an ogre, wielding a giant spiked club You reach to attack!
You puncture the ogre!
The ogre is moderately wounded.
You puncture the ogre!
The ogre is heavily wounded.
The ogre barely misses you.
You puncture the ogre!
The ogre is severely wounded.
You hit the ogre.
The ogre is almost dead.
The ogre hits you with a giant spiked club!
Ouch! That really hurt!
You hit the ogre.
The ogre is almost dead.
The ogre hits you with a giant spiked club!
Ouch! That really hurt!
You die...

#.#...).....##..#..........#.#.
#...#########...#####..###.#.#.
##.## #...........# #.#.#. #.#
##...######.###.#.#. #.# ##.##
#......... #.# #%# #####.#### #.#
#.# #.# #.# ##'## #.# #.# ##.@.##
#.# ##.### ##..O..## ###.#
##..#.## ##.......## ##.#%##
##.#....####.........####..%..###
...........'.........'...........
###.#...####.........####...#.##.
#.##.## ##.......## #..##.##.
#.#### ##.....## #.###.##. #..#
##...## #.# #.##.


You could see an ogre.

Vanquished Creatures
  A yaktaur skeleton (D:1)
  2 giant geckos (D:1)
  A ball python (D:1)
  5 bats (D:1)
  2 giant cockroaches (D:1)
  7 hobgoblins (D:1)
  An ooze (D:1)
  4 giant newts (D:1)
  5 goblins (D:1)
  2 kobolds (D:1)
  4 rats (D:1)
34 creatures vanquished.

Vanquished Creatures (others)
  A ball python (D:1)
  A goblin (D:1)
  2 rats (D:1)
4 creatures vanquished.

Grand Total: 38 creatures vanquished

Notes
Turn   | Place    | Note
--------------------------------------------------------------
     0 | D:1      | M4edhros, the Mummy Gladiator, began the quest for the Orb.
     0 | D:1      | Reached XP level 1. HP: 17/17 MP: 0/0
   207 | D:1      | Reached XP level 2. HP: 18/23 MP: 1/1
   220 | D:1      | Reached skill level 3 in Polearms
  4218 | D:1      | Reached XP level 3. HP: 28/28 MP: 2/2
  5910 | D:1      | Noticed a yaktaur skeleton
  5923 | D:1      | Killed a yaktaur skeleton
  5923 | D:1      | Reached skill level 4 in Polearms
  5923 | D:1      | Reached XP level 4. HP: 25/35 MP: 3/3
  5923 | D:1      | Reached XP level 5. HP: 28/40 MP: 4/4
  7583 | D:1      | Noticed an ogre
  7591 | D:1      | Slain by an ogre

Action                   |  1- 3 |  4- 6 || total
-------------------------+-------+-------++-------
Melee: Trident           |    99 |     6 ||   105
  Use: Scroll            |     2 |       ||     2
